 Dungeon Crawl Stone Soup version 0.20-a0-957-g47ad1fd (webtiles) character file.

11965 winWinterter the Carver (level 12, -4/91 (92) HPs)
             Began as a Formicid Fighter on Apr 4, 2017.
             Was a High Priest of Okawaru.
             Killed from afar by a catoblepas (7 damage)
             ... with a blast of calcifying dust
             ... on level 1 of the Lair of Beasts on Apr 5, 2017.
             The game lasted 00:40:06 (11575 turns).

winWinterter the Carver (Formicid Fighter)         Turns: 11575, Time: 00:40:06

HP:   -4/91 (92)    AC: 20    Str: 28    XL:     12   Next: 14%
MP:   16/16         EV:  7    Int:  8    God:    Okawaru [*****.]
Gold: 662           SH: 20    Dex: 16    Spells: 9/11 levels left

rFire    + + +     SeeInvis +   z - +8 falchion of Gehenna {freeze, *Corrode rF++ rN+ Str+3}
rCold    . . .     Gourm    .   M - +0 large shield
rNeg     + . .     Faith    .   b - +1 plate armour {rF+}
rPois    .         Spirit   .   (helmet unavailable)
rElec    .         Reflect  .   x - +2 cloak
rCorr    .         Harm     .   F - +0 pair of gloves
MR       +++..                  J - +1 pair of boots
Stlth    ..........             (no amulet)
Regen    0.3/turn               i - +4 ring of dexterity
MPRegen  0.2/turn               D - +3 ring of strength

@: studying Shields
A: permanent stasis, dig shafts and tunnels, four strong arms, antennae 3, fangs
1, dopey 1, magic resistance 2, subdued magic 1
a: Dig, Shaft Self, Heroism, Finesse, Renounce Religion


You were on level 1 of the Lair of Beasts.
You worshipped Okawaru.
Okawaru was extremely pleased with you.
You were hungry.

You visited 3 branches of the dungeon, and saw 12 of its levels.

You collected 662 gold pieces.

Inventory:

Hand Weapons
 z - the +8 falchion of Gehenna (weapon) {freeze, *Corrode rF++ rN+ Str+3}
   (You found it on level 4 of the Dungeon)

   It has been specially enchanted to freeze those struck by it, causing extra
   injury to most foes and up to half again as much damage against particularly
   susceptible opponents.
   It can also slow down cold-blooded creatures.
   It affects your strength (+3).
   It greatly protects you from fire.
   It protects you from negative energy.
   It may corrode you when you take damage.
 A - the +10 flail "Deiteic" {crush, Int+3}
   (You found it on level 8 of the Dungeon)

   It inflicts extra damage upon your enemies.
   It affects your intelligence (+3).
Missiles
 h - 9 tomahawks (quivered)
 q - a throwing net
Armour
 b - a +1 plate armour of fire resistance (worn)
 x - a +2 cloak (worn)
 F - a +0 pair of gloves (worn)
 J - a +1 pair of boots (worn)
 M - a +0 large shield (worn)
Jewellery
 i - a +4 ring of dexterity (left hand)
 D - a +3 ring of strength (right hand)
Wands
 m - a wand of flame (43/48)
 B - a wand of iceblast (3/15)
Scrolls
 e - 4 scrolls of identify
 j - 3 scrolls of immolation
 k - a scroll of silence
 n - 8 scrolls of remove curse
 v - a scroll of recharging
Potions
 o - 2 potions of flight
 r - a potion of agility
 t - a potion of might
 u - a potion of magic
 K - a potion of mutation
Books
 c - a manual of Shields
Miscellaneous
 g - a phantom mirror
Comestibles
 f - 10 bread rations
 p - 5 meat rations
 L - a chunk of flesh


   Skills:
 + Level 7.9 Fighting
 * Level 11.9 Long Blades
   Level 5.1(5.3) Axes
 * Level 1.8(3.7) Maces & Flails
 + Level 1.3 Throwing
 - Level 6.6 Armour
 - Level 1.5 Dodging
 * Level 11.2 Shields
 + Level 5.4 Invocations


You had 9 spell levels left.
You knew the following spells:

 Your Spells              Type           Power        Failure   Level  Hunger
a - Call Imp              Summ           #.......     100%        2    ###....


Dungeon Overview and Level Annotations

Branches:
Dungeon (9/15)             Temple (1/1) D:6            Lair (2/6) D:8
  Swamp: Lair:2-4    Shoals: Lair:2-4     Snake: Lair:2-4    Spider: Lair:2-4
    Orc: D:9-12

Altars:
Ashenzari
Cheibriados
Dithmenos
Elyvilon
Fedhas
Gozag
Hepliaklqana
Kikubaaqudgha
Makhleb
Nemelex Xobeh
Okawaru
Qazlal
Ru
Sif Muna
Trog
Uskayaw
Vehumet
Wu Jian
Xom
Yredelemnul
Zin
The Shining One

Shops:
D:6 !   D:8 *


Innate Abilities, Weirdness & Mutations

You cannot be hasted, slowed, berserked, paralysed or teleported.
You can dig through walls and to a lower floor.
Your four strong arms can wield two-handed weapons with a shield.
You have a pair of large antennae on your head. (SInv)
You have very sharp teeth.
You are dopey. (Int -2)
You are highly resistant to hostile enchantments. (MR++)
Your spells are a little easier to cast, but a little less powerful.


Message History

Okay, then.
Press: ? - help, v - describe, . - travel
Here: a catoblepas (lightly wounded)
The floor.
Okay, then.
Okay, then.
Okay, then.
Okay, then.
Drop what? 28/52 slots (_ for help) (? for menu, Esc to quit)
Okay, then.
Okay, then.
Drop what? 28/52 slots (_ for help) (? for menu, Esc to quit)
Okay, then.
Are you sure you want to shaft yourself?
You are feeling hungry.
You block the catoblepas's attack.
You begin to dig a shaft.
You continue digging a shaft.
The catoblepas breathes a plume of calcifying dust at you.
The blast of calcifying dust hits you!
You die...

##..##.........####
###...#.........##
##.....#.........#
##.....##.........#
##.....###.........#
##.....###..........#
##.....##
##.........#
##.....## #........##
#......# ##...@Y.##.#
.......# #§§§..§....#
.....#.# ##........##
######## ##########


You could see a catoblepas.

Vanquished Creatures
  2 hydras (Lair:1)
  2 two-headed ogres
  Pikel (D:5)
  An orange crystal statue (Lair:1)
  Psyche (D:9)
  2 spiny frogs (Lair:1)
  A rime drake (Lair:1)
  A troll (D:9)
  A wyvern (D:9)
  6 yaks (Lair:1)
  A basilisk (Lair:1)
  4 hogs (D:7)
  A human (D:7)
  A hungry ghost (D:8)
  2 water moccasins (Lair:1)
  2 hell hounds (D:8)
  A porcupine (Lair:1)
  3 orc warriors
  A black bear (D:8)
  3 ice beasts
  2 sky beasts
  A necrophage (D:5)
  A phantom (D:7)
  7 ogres
  2 centaurs (D:8)
  A crocodile (Lair:1)
  The ghost of CalmDownMonkey the Vexing, an amateur SpEn (D:3)
  6 bullfrogs
  2 gnoll sergeants
  4 killer bees (D:8)
  2 scorpions (D:9)
  2 howler monkeys
  An electric eel (Lair:1)
  7 crimson imps
  A jelly (D:7)
  10 orc wizards
  3 orc priests
  Crazy Yiuf (D:2)
  4 bullfrog skeletons
  8 hounds
  A centaur skeleton (D:8)
  Jessica (D:2)
  2 iguanas
  Ijyb (D:5)
  9 worker ants
  11 gnolls
  12 adders
  2 shadow imps
  4 oozes
  An adder skeleton (D:6)
  4 worms
  2 dart slugs
  5 leopard geckos
  23 orcs
  5 bats
  8 giant cockroaches
  2 gnoll zombies (D:9)
  11 goblins
  12 hobgoblins
  10 jackals
  7 quokkas
  2 ball pythons
  3 frilled lizards
  6 kobolds
  2 quokka skeletons
  10 rats
  3 fungi
  3 plants
265 creatures vanquished.

Vanquished Creatures (others)
  Eustachio (D:5)
  2 slaves (D:5)
  A centaur (D:5)
  A crimson imp (D:5)
  A worker ant (D:5)
  An adder zombie (D:5)
  An orc (D:8)
  A quokka (D:5)
  A plant (D:5)
10 creatures vanquished.

Grand Total: 275 creatures vanquished

Notes
Turn   | Place    | Note
-------+----------+-------------------------------------------
     0 | D:1      | winWinterter the Formicid Fighter began the quest for the Orb.
     0 | D:1      | Reached XP level 1. HP: 18/18 MP: 1/1
    91 | D:1      | Reached XP level 2. HP: 19/24 MP: 2/2
   223 | D:1      | Reached XP level 3. HP: 26/29 MP: 3/3
   785 | D:2      | Noticed Jessica
   789 | D:2      | Killed Jessica
   789 | D:2      | Reached XP level 4. HP: 32/37 MP: 4/4
   850 | D:2      | Found a sparkling altar of Nemelex Xobeh.
  1073 | D:2      | Reached XP level 5. HP: 13/42 MP: 5/5
  1349 | D:2      | Found a runed door.
  1491 | D:2      | Noticed Crazy Yiuf
  1497 | D:2      | Killed Crazy Yiuf
  1875 | D:3      | Noticed CalmDownMonkey's ghost (amateur SpEn)
  1906 | D:3      | Killed CalmDownMonkey's ghost
  1906 | D:3      | Reached XP level 6. HP: 37/49 MP: 6/6
  2207 | D:3      | Found a bloodstained altar of Trog.
  2217 | D:3      | Found a shadowy altar of Dithmenos.
  2820 | D:4      | Reached skill level 5 in Fighting
  2899 | D:4      | Reached skill level 5 in Axes
  2899 | D:4      | Reached XP level 7. HP: 32/56 MP: 7/7
  3071 | D:4      | Noticed a moth of wrath
  3073 | D:4      | Found a bloodstained altar of Trog.
  3117 | D:4      | Got a faintly glowing falchion
  3123 | D:4      | Identified the +8 falchion of Gehenna {freeze, *Corrode rF++ rN+ Str+3} (You found it on level 4 of the Dungeon)
  3244 | D:4      | Found a glowing silver altar of Zin.
  3531 | D:5      | Entered Level 5 of the Dungeon
  3539 | D:5      | Noticed Pikel
  3559 | D:5      | Killed Pikel
  3559 | D:5      | Reached skill level 5 in Shields
  3559 | D:5      | Reached XP level 8. HP: 62/64 MP: 8/8
  3682 | D:5      | You fall through a shaft for 3 floors!
  3718 | D:8      | Gained mutation: Your spells are a little easier to cast, but a little less powerful. [potion of mutation]
  3718 | D:8      | Gained mutation: You are dopey. (Int -2) [potion of mutation]
  3718 | D:8      | Gained mutation: You are resistant to hostile enchantments. (MR+) [potion of mutation]
  3726 | D:8      | Reached skill level 5 in Long Blades
  3757 | D:8      | HP: 3/64 [centaur/uncursed staff of cold (5)]
  4198 | D:8      | Found a staircase to the Lair.
  4217 | D:8      | Reached XP level 9. HP: 44/69 MP: 9/9
  4539 | D:8      | Reached skill level 1 in Throwing
  5168 | D:6      | Found a staircase to the Ecumenical Temple.
  5504 | D:6      | Found Lefity's Distillery.
  5526 | D:6      | Got a faintly glowing lead amulet
  5528 | D:6      | Identified the amulet "Qaetieqa" {Inacc rN+ Str-4 Int+4} (You found it on level 6 of the Dungeon)
  5907 | D:5      | Noticed Eustachio
  5909 | D:5      | Noticed Ijyb
  5952 | D:5      | Killed Ijyb
  5973 | D:5      | Killed Eustachio
  6560 | D:5      | Reached XP level 10. HP: 76/76 MP: 10/10
  7025 | Temple   | Entered the Ecumenical Temple
  7271 | Temple   | Became a worshipper of Warmaster Okawaru
  7397 | D:7      | Upgraded the game from 0.20-a0-949-g916514f to 0.20-a0-957-g47ad1fd
  7504 | D:7      | Found a hazy altar of Hepliaklqana.
  7569 | D:7      | Reached skill level 1 in Invocations
  7840 | D:7      | Reached skill level 5 in Armour
  7856 | D:7      | Reached * piety under Okawaru
  7873 | D:7      | Gained mutation: You have very sharp teeth. [mutagenic meat]
  7875 | D:7      | Gained mutation: You are highly resistant to hostile enchantments. (MR++) [mutagenic meat]
  7922 | D:7      | Reached skill level 10 in Long Blades
  8021 | D:7      | Learned a level 2 spell: Call Imp
  8347 | D:8      | Found a burning altar of Makhleb.
  8381 | D:8      | Reached ** piety under Okawaru
  8562 | D:8      | Found a stormy altar of Qazlal.
  8654 | D:8      | Found Hicinyni's Assorted Antiques.
  8656 | D:8      | Noticed a two-headed ogre
  8666 | D:8      | Killed a two-headed ogre
  8666 | D:8      | Reached *** piety under Okawaru
  8666 | D:8      | Reached skill level 1 in Dodging
  8666 | D:8      | Reached XP level 11. HP: 75/83 MP: 12/14
  8855 | D:9      | Found a blossoming altar of Fedhas.
  9009 | D:9      | Noticed a two-headed ogre
  9017 | D:9      | Killed a two-headed ogre
  9017 | D:9      | Reached **** piety under Okawaru
  9190 | D:9      | Noticed Psyche
  9195 | D:9      | Killed Psyche
  9260 | D:8      | Got a warped flail
  9261 | D:8      | Identified the +10 flail "Deiteic" {crush, Int+3} (You found it on level 8 of the Dungeon)
  9621 | D:9      | Found a basalt altar of Yredelemnul.
  9800 | Lair:1   | Entered Level 1 of the Lair of Beasts
  9804 | Lair:1   | Found an iron altar of Okawaru.
 10135 | Lair:1   | Reached skill level 5 in Invocations
 10203 | Lair:1   | Noticed a five-headed hydra
 10209 | Lair:1   | Noticed a five-headed hydra
 10218 | Lair:1   | Killed a nine-headed hydra
 10230 | Lair:1   | Killed a five-headed hydra
 10230 | Lair:1   | Reached ***** piety under Okawaru
 10538 | Lair:1   | Reached skill level 10 in Shields
 10956 | Lair:1   | Reached skill level 1 in Maces & Flails
 11117 | Lair:1   | Noticed an orange crystal statue
 11145 | Lair:1   | Killed an orange crystal statue
 11145 | Lair:1   | Received a gift from Okawaru
 11145 | Lair:1   | Reached XP level 12. HP: 91/91 MP: 16/16
 11146 | Lair:1   | Got a crude rapier {god gift}
 11170 | Lair:1   | Identified the +2 rapier "Aphonef" {freeze, -Tele rF- rN+++ Str+6} (Okawaru gifted it to you on level 1 of the Lair of Beasts)
 11539 | Lair:2   | Noticed a catoblepas
 11571 | Lair:1   | HP: 3/91 [catoblepas (8)]
 11575 | Lair:1   | Killed from afar by a catoblepas

Vault maps used:
D:1:      lemuel_arrival_room
D:2:      nemelex_xobeh_ov_fountains_minmay, first_bread, st_stairs_5,
          minmay_gold_behind_fungi, uniq_crazy_yiuf_cottage, uniq_jessica
D:3:      amethyst_overflow_temple_binary
D:4:      nicolae_overflow_crystal_walls, tgw_trog
D:5:      serial_bayou, serial_bayou_ford_a, serial_bayou_lake_a,
          serial_bayou_shore_b, serial_bayou_pond_e, serial_bayou_shore_b,
          uniq_iyjb, uniq_eustachio, uniq_pikel
D:6:      temple_fountains, serial_shops, shop
D:7:      lemuel_round_altar, grunt_livestock
D:8:      kennysheep_mini_moat, lemuel_coloured_pillars_altar,
          minmay_lair_entry_lava, serial_shops, nicolae_shop_overgrown_old_shop
D:9:      lemuel_zombie_altar_yredelemnul, basic_altar, uniq_psyche
Temple:   minmay_temple_curvy_branch
Lair:1:   statuecave_lemuel, basic_altar
Lair:2:   spider_nest_entry_rubble, serial_bayou_shore_a, uniq_urug

Skill      XL: |  1  2  3  4  5  6  7  8  9 10 11 12 |
---------------+-------------------------------------+-----
Shields        | 4 5 6 7 8 10 11 | 11.2
Fighting       | 4 5 6 7 |  7.9
Axes           | 3 4 5 |  5.1
Long Blades    | 3 5 8 10 11 | 11.9
Throwing       | 1 |  1.3
Armour         | 4 5 6 |  6.6
Invocations    | 4 5 |  5.4
Dodging        | 1 |  1.5
Maces & Flails | 1 |  1.8

Action                   |  1- 3 |  4- 6 |  7- 9 | 10-12 || total
-------------------------+-------+-------+-------+-------++-------
Melee: War axe           |    48 |   176 |    14 |       ||   238
       Falchion          |       |       |   262 |   387 ||   649
       Bite              |       |       |       |    44 ||    44
       Flail             |       |       |       |    11 ||    11
       Rapier            |       |       |       |     7 ||     7
Throw: Tomahawk          |       |       |     5 |       ||     5
Invok: Heroism           |       |       |       |     1 ||     1
 Abil: Dig               |       |       |     1 |     3 ||     4
       Shaft Self        |       |       |       |     1 ||     1
Evoke: Wand              |       |       |       |    10 ||    10
  Use: Potion            |       |     4 |     3 |     3 ||    10
       Scroll            |       |       |    12 |     6 ||    18
 Stab: Invisible         |       |       |       |     1 ||     1
       Paralysed         |       |       |       |     4 ||     4
  Eat: Chunk             |       |     7 |     4 |    13 ||    24
       Meat ration       |       |       |     2 |       ||     2
       Royal jelly       |       |       |       |     2 ||     2
       Fruit             |       |       |       |     4 ||     4
Armor: Scale mail        |    18 |    46 |    49 |       ||   113
       Chain mail        |       |       |    15 |    79 ||    94
       Plate armour      |       |       |       |    13 ||    13
Dodge: Dodged            |    15 |    52 |    68 |    58 ||   193
Block: Shield            |    31 |   102 |   117 |   107 ||   357
       Large shield      |       |       |       |    88 ||    88
       Rpst.: Falchion   |       |       |    22 |    14 ||    36
